 Dungeon Crawl Stone Soup version 0.30-a0-557-ge2afbf3030 (webtiles) character file.

Game seed: 6704258216747652852

214 bmack86 the Chopper (level 5, 0/47 HPs)
             Began as a Minotaur Fighter on Dec 27, 2022.
             Slain by Grinder (6 damage)
             ... on level 3 of the Dungeon.
             The game lasted 00:04:08 (1416 turns).

bmack86 the Chopper (Minotaur Fighter)              Turns: 1416, Time: 00:04:08

Health: 0/47       AC: 12    Str: 23    XL:     5   Next: 59%
Magic:  4/4        EV:  6    Int:  5    God:
Gold:   101        SH:  9    Dex:  9    Spells: 4/4 levels left

rFire   . . .      SeeInvis .    a - +0 war axe
rCold   + . .      Faith    .    c - +0 buckler
rNeg    . . .      Spirit   .    j - +0 plate armour
rPois   .          Reflect  +    (helmet restricted)
rElec   .          Harm     .    e - scarf {+Inv}
rCorr   .          Rampage  .    (no gloves)
Will    .....                    (no boots) Stlth
                                 n - amulet of reflection
HPRegen 0.27/turn                f - ring of protection from cold
MPRegen 0.09/turn                (no ring)

@: no status effects
A: horns 2, retaliatory headbutt
a: Evoke Invisibility


You were on level 3 of the Dungeon.
You visited 1 branch of the dungeon, and saw 3 of its levels.

You collected 101 gold pieces.

Inventory:

Hand Weapons
 a - a +0 war axe (weapon)
Armour
 b - a +0 scale mail
 c - a +0 buckler (worn)
 e - a scarf of invisibility (worn)
 j - a +0 plate armour (worn)
Jewellery
 f - a ring of protection from cold (left hand)
 n - an amulet of reflection (around neck)
Scrolls
 k - a scroll of vulnerability {unknown}
 l - a scroll of poison {unknown}
 m - a scroll of teleportation {unknown}
Potions
 d - a potion of might
 g - 3 potions of heal wounds
 h - a potion of invisibility {unknown}
 o - a potion of magic {unknown}
 p - a potion of cancellation {unknown}


   Skills:
 + Level 4.7 Fighting
 * Level 4.8 Axes
 + Level 4.7 Armour
 + Level 4.7 Shields


You had 4 spell levels left.
You didn't know any spells.
Your spell library contained the following spells:

 Spells                   Type           Power      Damage    Failure   Level
 Beastly Appendage        Tmut           0%         N/A       100%        1
 Magic Dart               Conj           0%         1d3       100%        1
 Call Imp                 Summ           0%         N/A       100%        2
 Wereblood                Tmut           0%         N/A       100%        2
 Mephitic Cloud           Conj/Pois/Air  0%         N/A       100%        3
 Spider Form              Tmut/Pois      0%         N/A       100%        3


Dungeon Overview and Level Annotations

Branches:
Dungeon (3/15)

Altars:
Kikubaaqudgha

Annotations:
D:3 Grinder


Innate Abilities, Weirdness & Mutations

You have a pair of horns on your head.
You reflexively headbutt those who attack you in melee.


Message History

You hit the hobgoblin.
The hobgoblin is heavily wounded.
The bat closely misses you. You block the hobgoblin's attack.
You hit the hobgoblin.
You kill the hobgoblin!
You barely miss the bat. You block the bat's attack.
The bat hits you but does no damage. The bat attacks as you move away!
The bat barely misses you. You furiously retaliate!
You headbutt the bat.
Found a sling.
The bat hits you but does no damage. You block the bat's attack.
The bat attacks as you move away! You block the bat's attack. The bat hits you.
You block Grinder's attack.
You slash Grinder! You headbutt Grinder, but do no damage.
Grinder is moderately wounded.
You hit the bat.
You kill the bat!
Grinder hits you!
You writhe in agony.
You hit Grinder but do no damage.
Grinder is moderately wounded.
Grinder gestures at you.
You barely resist. You slash Grinder! Your headbutt misses Grinder.
Grinder is heavily wounded.
Grinder hits you.
You writhe in agony.
Grinder hits you.
* * * LOW HITPOINT WARNING * * *
You slash Grinder! Your headbutt misses Grinder.
Grinder is severely wounded.
Grinder gestures at you.
You suddenly lose the ability to move!
Grinder hits you but does no damage. Grinder gestures at you.
Pain shoots through your body!
* * * LOW HITPOINT WARNING * * *
You can move again.
You barely miss Grinder.
Grinder is severely wounded.
Grinder hits you.
* * * LOW HITPOINT WARNING * * *
You writhe in agony.
You die...

#.# ######## #.#
#......# #.# #......#
#### #.#+#......####
...#######......!.......
..............?.).......
...........[..##.#......
##..#.##########†#......
###.#.# #....5@# ....#
....... ............###
........ )......######
.####.##.#...... .# #.#
##....## .# #+# ##..# .#
♣... ## ♣..


You could see Grinder.

Vanquished Creatures
  Sigmund (D:3)
  2 adders
  An orc (D:3)
  3 ball pythons
  4 bats
  2 endoplasms (D:1)
  A giant cockroach (D:1)
  3 goblins
  4 hobgoblins
  3 kobolds
  2 quokkas
  3 frilled lizards
  2 rats (D:2)
31 creatures vanquished.

Vanquished Creatures (others)
  A plant (D:2)
1 creature vanquished.

Grand Total: 32 creatures vanquished

Notes
Turn   | Place    | Note
-------+----------+-------------------------------------------
     0 | D:1      | bmack86 the Minotaur Fighter began the quest for the Orb.
     0 | D:1      | Reached XP level 1. HP: 19/19 MP: 0/0
   188 | D:1      | Reached XP level 2. HP: 27/27 MP: 1/1
   926 | D:2      | Found an ancient bone altar of Kikubaaqudgha.
  1058 | D:2      | Reached XP level 3. HP: 33/33 MP: 2/2
  1388 | D:3      | Noticed Grinder
  1390 | D:3      | Noticed Sigmund
  1398 | D:3      | Killed Sigmund
  1399 | D:3      | Reached XP level 4. HP: 30/41 MP: 3/3
  1399 | D:3      | Reached XP level 5. HP: 34/47 MP: 4/4
  1413 | D:3      | Paralysed by Grinder for 3 turns
  1416 | D:3      | Slain by Grinder

Illustrated notes

Levels and vault maps discovered:
D:1:      ebering_hopf_link, layout_basic
D:2:      layout_rooms, serial_forest, infiniplex_forest_pool,
          infiniplex_forest_clump_medium, infiniplex_forest_clump_small,
          infiniplex_forest_lined_1, infiniplex_forest_lined_room_2,
          basic_altar, reono_crystal_passage
D:3:      layout_basic, gammafunk_temple_overflow_wave, uniq_sigmund,
          uniq_terence, uniq_crazy_yiuf_cottage, uniq_grinder

Skill      XL: |  1  2  3 |
---------------+----------+-----
Fighting       | 4 |  4.7
Axes           | 3 4 |  4.8
Armour         | 4 |  4.7
Shields        | 4 |  4.7

Action                   |  1- 3 |  4- 6 || total
-------------------------+-------+-------++-------
Melee: War axe           |    67 |    10 ||    77
       Headbutt          |    10 |     1 ||    11
  Use: Scroll            |     1 |       ||     1
Armor: Scale mail        |    13 |       ||    13
       Plate armour      |    29 |     4 ||    33
Dodge: Dodged            |    23 |     5 ||    28
Block: Buckler           |    25 |     9 ||    34
       Reflection        |     2 |       ||     2

Table legend: (Time is in decaauts)
 A = Elapsed time spent in this place.
 B = Non-inter-level travel time spent in this place.
 C = Inter-level travel time spent in this place.
 D = Time resting spent in this place.
 E = Time spent auto-exploring this place.
 F = Levels seen in this place.
 G = Mean time per level.
                   A        B        C        D        E       F      G
               +--------+--------+--------+--------+--------+-----+--------+
         Total |   1446 |   1403 |     43 |      0 |    990 |   3 |  482.0 |
       Dungeon |   1446 |   1403 |     43 |      0 |    990 |   3 |  482.0 |
               +--------+--------+--------+--------+--------+-----+--------+

Top non-repeatable levels by time:
     D:1: 803 daAuts
     D:2: 586 daAuts
     D:3: 56 daAuts
